 Dungeon Crawl Stone Soup version 0.30.1-11-g7821555f0a (webtiles) character file.

Game seed: 9916029561980170848

590 Peloso the Slasher (level 7, -2/62 HPs)
             Began as a Minotaur Fighter on Dec 15, 2023.
             Slain by a gnoll
             ... wielding a +0 flail
             ... led by a gnoll sergeant
              (10 damage)
             ... on level 7 of the Dungeon.
             The game lasted 00:07:03 (3531 turns).

Peloso the Slasher (Minotaur Fighter)               Turns: 3531, Time: 00:07:05

Health: -2/62      AC:  4    Str: 19    XL:     7   Next: 15%
Magic:  6/6        EV:  9    Int:  4    God:
Gold:   179        SH:  5    Dex: 16    Spells: 6/6 levels left

rFire   . . .        a - +0 long sword
rCold   . . .        c - +0 buckler
rNeg    . . .        b - +0 scale mail
rPois   .            (helmet restricted)
rElec   .            (no cloak)
rCorr   .            (no gloves)
SInv    .            (no boots)
Will    +....        (no amulet) Stlth
                     n - ring of willpower
HPRegen 0.30/turn    (no ring)
MPRegen 0.10/turn

%: no passive effects
@: no status effects
A: horns 2, retaliatory headbutt, agile 1, deformed body, mutation resistance 1
a: no special abilities


You were on level 7 of the Dungeon.
You visited 2 branches of the dungeon, and saw 7 of its levels.

You collected 191 gold pieces.
You spent 12 gold pieces at shops.

Inventory:

Hand Weapons
 a - a +0 long sword (weapon)
Armour
 b - a +0 scale mail (worn)
 c - a +0 buckler (worn)
Jewellery
 m - the ring "Hurap" {rF+ rC++ Will- rCorr Str+3}
   (You found it on level 3 of the Dungeon)

   [ring of protection from fire]

   Str:       It affects your strength (+3).
   rF:        It protects you from fire.
   rC:        It greatly protects you from cold.
   rCorr:     It protects you from acid and corrosion.
   Will:      It decreases your willpower.
 n - a ring of willpower (left hand)
 r - a ring of fire
Wands
 l - a wand of flame (10)
Scrolls
 q - 2 scrolls of fear
Potions
 d - 3 potions of might
 e - a potion of curing
 g - a potion of heal wounds
 h - a potion of degeneration
 k - a potion of haste


   Skills:
 + Level 5.7 Fighting
 + Level 6.2 Long Blades
 + Level 5.3 Armour
 + Level 1.1 Dodging
 + Level 0.2 Stealth
 + Level 5.0 Shields


You had 6 spell levels left.
You didn't know any spells.
Your spell library contained the following spells:

 Spells                   Type           Power      Damage    Failure   Level
 Slow                     Hex            0%         N/A       89%         1
 Confusing Touch          Hex            0%         N/A       99%         3
 Vampiric Draining        Necr           0%         2d6       99%         3
 Conjure Ball Lightning   Conj/Air       0%         3x3d6     100%        6
 Discord                  Hex            0%         N/A       100%        8
 Disjunction              Tloc           0%         N/A       100%        8


Dungeon Overview and Level Annotations

Branches:
Dungeon (7/15)             Temple (1/1) D:4

Altars:
Elyvilon
Nemelex Xobeh
Qazlal
Ru
Uskayaw
Vehumet
Xom
Zin

Shops:
D:5 !

Annotations:
D:2 1 runed translucent door, Crazy Yiuf
D:4 Dig


Innate Abilities, Weirdness & Mutations

You have a pair of horns on your head.
You reflexively headbutt those who attack you in melee.
You are agile. (Dex +4, Str/Int -1)
Armour fits poorly on your strangely shaped body.
You are somewhat resistant to further mutation.


Message History

The gnoll is almost dead.
The gnoll closely misses you. You furiously retaliate!
You headbutt the gnoll!
You kill the gnoll!
You see here a +0 spear.
The gnoll attacks as you move away! You block the gnoll's attack.
Found an orange potion.
A gnoll comes into view. It is wielding a +0 flail.
You barely miss the gnoll.
The gnoll shouts!
The gnoll barely misses you.
You slash the gnoll!
You headbutt the gnoll, but do no damage.
The gnoll is heavily wounded.
The gnoll closely misses you. You furiously retaliate!
You headbutt the gnoll!
You kill the gnoll!
A gnoll comes into view. It is wielding a +0 spear.
The gnoll moves out of view.
The gnoll sergeant shouts!
The gnoll shouts!
Found a stone staircase leading down.
A gnoll comes into view. It is wielding a +0 spear.
Found a scroll labelled SAP GEMNEOV.
Found a stone staircase leading down.
The gnoll shouts!
The gnoll sergeant hits you from afar with a +0 trident.
You block the gnoll's attack. The gnoll barely misses you.
The gnoll misses you. The gnoll barely misses you.
The gnoll hits you but does no damage.
The gnoll sergeant hits you with a +0 trident!
The gnoll sergeant attacks as you move away!
The gnoll sergeant hits you with a +0 trident!
The gnoll completely misses you.
The gnoll hits you from afar with a +0 spear.
The gnoll sergeant hits you from afar with a +0 trident!
* * * LOW HITPOINT WARNING * * *
You hit the gnoll.
The gnoll is heavily wounded.
The gnoll hits you from afar with a +0 spear.
* * * LOW HITPOINT WARNING * * *
The gnoll sergeant barely misses you.
The gnoll drinks a potion.
The gnoll is healed!
The gnoll hits you with a +0 flail!
You die...

#.......?##.
##...........
##.........#..
#$..).......<.
###########.###.#####...
#.....#.....###.# ....
....>...g.......# .....
......!.gg....### ......
.......@..............##
......g...............#
..............###.#####
..............#
...........?>##
#...........##
######..##### #..#


You could see a gnoll sergeant and 3 gnolls.

Vanquished Creatures
  A phantom (D:4)
  A bullfrog (D:7)
  A gnoll bouda (D:4)
  2 hounds
  A jelly (D:5)
  Ijyb (D:3)
  Natasha (thrice) (D:2)
  2 iguanas
  Robin (D:1)
  3 adders
  5 gnolls
  A worm (D:3)
  5 dart slugs
  3 orcs (D:4)
  7 ball pythons
  4 bats
  10 endoplasms
  4 giant cockroaches
  6 hobgoblins
  4 jackals (D:1)
  4 quokkas
  3 frilled lizards
  16 goblins
  7 kobolds
  7 rats
102 creatures vanquished.

Notes
Turn   | Place    | Note
-------+----------+-------------------------------------------
     0 | D:1      | Peloso the Minotaur Fighter began the quest for the Orb.
     0 | D:1      | Reached XP level 1. HP: 19/19 MP: 0/0
    39 | D:1      | Found a faded altar of an unknown god.
   118 | D:1      | Reached XP level 2. HP: 27/27 MP: 1/1
   252 | D:1      | Reached XP level 3. HP: 23/33 MP: 2/2
   557 | D:2      | Noticed Robin
   572 | D:1      | Killed Robin
   573 | D:1      | Reached skill level 3 in Long Blades
   684 | D:2      | Found a sparkling altar of Nemelex Xobeh.
   760 | D:2      | Noticed Natasha
   768 | D:2      | Killed Natasha
   769 | D:2      | Reached XP level 4. HP: 26/41 MP: 3/3
   896 | D:2      | Noticed Natasha
   902 | D:2      | Killed Natasha
   903 | D:2      | Reached skill level 4 in Long Blades
  1021 | D:2      | Noticed Natasha
  1033 | D:2      | Killed Natasha
  1034 | D:2      | Reached XP level 5. HP: 28/47 MP: 4/4
  1376 | D:2      | Found a runed translucent door.
  1377 | D:2      | Noticed Crazy Yiuf
  1751 | D:3      | Noticed Ijyb
  1766 | D:3      | Killed Ijyb
  1778 | D:3      | Identified the ring "Hurap" {rF+ rC++ Will- rCorr Str+3}
  2116 | D:3      | Gained mutation: Armour fits poorly on your strangely
                  | shaped body. [potion of mutation]
  2116 | D:3      | Gained mutation: You are agile. (Dex +4, Str/Int -1)
                  | [potion of mutation]
  2116 | D:3      | Gained mutation: You are somewhat resistant to further
                  | mutation. [potion of mutation]
  2210 | D:4      | Found a staircase to the Ecumenical Temple.
  2224 | Temple   | Entered the Ecumenical Temple
  2449 | D:4      | Found a stormy altar of Qazlal.
  2459 | D:4      | Reached skill level 5 in Fighting
  2557 | D:4      | Reached skill level 5 in Long Blades
  2656 | D:4      | Noticed a phantom
  2670 | D:4      | Killed a phantom
  2671 | D:4      | Reached XP level 6. HP: 34/56 MP: 5/5
  2826 | D:4      | Reached skill level 1 in Dodging
  3363 | D:5      | Entered Level 5 of the Dungeon
  3377 | D:5      | Found a sparkling altar of Nemelex Xobeh.
  3476 | D:5      | Reached skill level 6 in Long Blades
  3478 | D:5      | Found Feofriw's Distillery.
  3480 | D:5      | Reached skill level 5 in Armour
  3504 | D:5      | Bought a potion of degeneration for 12 gold pieces
  3508 | D:5      | You fall into a shaft and drop 2 floors!
  3514 | D:7      | Reached skill level 5 in Shields
  3514 | D:7      | Reached XP level 7. HP: 54/62 MP: 6/6
  3531 | D:7      | Slain by a gnoll

Illustrated notes

Levels and vault maps discovered:
D:1:      dpeg_arrival_tiny_k, layout_rooms, ebering_ecumenical_altar_rust,
          chequers_serial_rivers_large_a, reono_crystal_passage
D:2:      layout_basic, basic_altar, uniq_natasha, uniq_crazy_yiuf_cottage,
          uniq_robin
D:3:      minmay_spotlight, layout_rooms, st_stairs_7, uniq_ijyb
D:4:      layout_basic, mainiacjoe_overflow_alcove_1, temple_fountains,
          due_unseen_surprise
D:5:      layout_rooms, bloody_makhleb, grunt_gozag_breadcrumbs,
          nemelex_xobeh_ov_fountains_minmay, serial_shops, shop,
          chequers_serial_rivers_room_a
D:7:      layout_rooms, grunt_dithmenos_smoke
Temple:   hellmonk_temple_beads

Skill      XL: |  1  2  3  4  5  6 |
---------------+-------------------+-----
Fighting       | 4 5 |  5.7
Shields        | 4 5 |  5.0
Armour         | 4 5 |  5.3
Long Blades    | 3 4 5 6 |  6.2
Dodging        | 1 |  1.1
Stealth        | |  0.2

Action                     |  1- 3 |  4- 6 |  7- 9 || total
---------------------------+-------+-------+-------++-------
  Melee: Long sword        |    74 |   157 |     7 ||   238
         Headbutt          |     7 |    27 |     3 ||    37
    Use: Potion            |     2 |     6 |       ||     8
         Scroll            |       |     4 |       ||     4
 Armour: Scale mail        |    62 |    41 |     1 ||   104
  Dodge: Dodged            |    54 |    62 |     8 ||   124
  Block: Buckler           |    21 |    35 |     3 ||    59
